AoeStats
← bobozius

Lombardia

509959392Analyzed
2v2 RM · 3d ago on Sep 28, 2026· 13m 20s· 4 players
Game mode
Random Map
Map size
Medium (4 player)
Population
200
Speed
Normal
Resources
Standard
Victory
Conquest
Starting age
Dark Age
Ending age
Imperial Age
RankedLock teamsTeams togetherTeam positionsShared explorationLock speedFull tech treeHidden civsTurbo modeCheats
Victory
Defeat
🇦🇷 Huns · Argentina
743
+14
🇦🇷 Sicilians · Argentina
709
+15
🇩🇪 Vietnamese · Germany
711
-15
🇨🇴 Turks · Colombia
689
-14
elnano4cchi
4:18 Loom
11:54 Feudal Age
pato
9:07 Feudal Age
10:50 Horse Collar
11:07 Double-Bit Axe
Fulgur
12:18 Feudal Age
13:33 Loom
bobozius
11:59 Feudal Age
Connection lost

Rejoining the realm…

Still unreachable

The connection could not be restored.

Session expired

The server has moved on; the page needs a fresh start.